 Dungeon Crawl Stone Soup version 0.17-a0-1778-gd369669 (webtiles) character file.

515 ololoev the Poker (level 7, 36/55 HPs)
             Began as a Mottled Draconian Skald on Sept 8, 2015.
             Quit the game on level 3 of the Dungeon.
             The game lasted 00:12:01 (5478 turns).

ololoev the Poker (Mottled Draconian Skald)         Turns: 5478, Time: 00:12:01

Health: 36/55      AC:  7    Str: 13 (14) XL:     7   Next: 0%
Magic:  5/10       EV: 12    Int: 12      God:
Gold:   220        SH:  0    Dex: 13      Spells: 2 memorised, 7 levels left

rFire  . . .     SeeInvis .     a - +0 trident
rCold  . . .     Clarity  .     (armour unavailable)
rNeg   . . .     SustAt   .     (no shield)
rPois  .         Gourm    .     (helmet restricted)
rElec  .         Spirit   .     (no cloak)
rCorr  .         Warding  .     (no gloves)
rMut   .         Stasis   .     t - +0 pair of boots
MR     .....                    (no amulet)
Stlth  +.........               n - ring of invisibility
                                (no ring)

@: very slightly contaminated, not resistant to hostile enchantments, very
unstealthy
A: breathe sticky flame splash, unfitting armour, cold-blooded, AC +6
a: Breathe Sticky Flame, Evoke Invisibility


Innate Abilities, Weirdness & Mutations

You can spit globs of burning liquid.
You can ignite nearby creatures when you spit burning liquid.
Your weird mottled scales are hard (AC +6).
Your body does not fit into most forms of armour.
You are cold-blooded and may be slowed by cold attacks.

Inventory:

Hand weapons
 a - a +0 trident (weapon)
 b - a +0 blowgun
 E - a +1 short sword of venom
Missiles
 B - 6 poisoned needles
Armour
 t - a +0 pair of boots (worn)
 A - a +0 pair of gloves
Jewellery
 e - an uncursed ring of ice
 n - a ring of invisibility (right hand)
Scrolls
 d - a scroll of blinking {unknown}
 f - 3 scrolls of amnesia {unknown}
 j - 2 scrolls of teleportation {unknown}
 l - 3 scrolls of remove curse {unknown}
 p - 3 scrolls of identify {unknown}
 r - 2 scrolls of noise {unknown}
 s - a scroll of magic mapping {unknown}
 u - 2 scrolls of immolation {unknown}
 x - 2 scrolls of fog {unknown}
 C - a scroll of fear {unknown}
 D - 2 scrolls of enchant armour {unknown}
Potions
 g - a potion of curing
 h - a potion of flight {unknown}
 k - a potion of poison
 w - a potion of agility {unknown}
 z - a potion of might {unknown}
Books
 y - a book of Battle

   Spells                             Type                      Level
   a - Infusion                       Charms                       1
   b - Shroud of Golubria             Charms/Translocation         2
   c - Song of Slaying                Charms                       2
   d - Spectral Weapon                Hexes/Charms                 3
   e - Regeneration                   Charms/Necromancy            3
Comestibles
 c - 4 bread rations
 i - a meat ration
 m - 3 fruits
 o - 2 beef jerkies
 q - a slice of pizza
 v - 2 chunks of flesh


   Skills:
 - Level 2.1 Fighting
 + Level 6.0 Polearms
 - Level 1.3 Dodging
 - Level 2.0 Spellcasting
 - Level 2.6 Charms
 + Level 4.4 Evocations


You had 7 spell levels left.
You knew the following spells:

 Your Spells              Type           Power        Failure   Level  Hunger
a - Infusion              Chrm           #.....       12%         1    ##.....
b - Song of Slaying       Chrm           #.......     14%         2    ###....


You were on level 3 of the Dungeon.
You were not hungry.

You visited 1 branch of the dungeon, and saw 4 of its levels.

You collected 220 gold pieces.

#.#
#......#########.##.#.####
#.#
#..............#.##.#.####
#.#
#......#.#####.#.........#
#.# ##.##.##.#
#............ #.# #.##.##.#
#..###.####.) #.# #.##.##<#
#..# #.####)> #.#####
#.##.##.# #..# #..†....
#.....# #.##....#####..#
######.. #####.#
#.##..##@......# #.. #.#
#.##..##.####.##### #..
####.###.##..##..[.......#
#..
#....................###.#
#..
#.#####.###..####.##.###.##
##.. ##.#
#.###..####.##.##.).###...
...#
#......##.................
##.#
#...................####..
#.#####.#########.##.###.##
#..

Notes
Turn   | Place    | Note
--------------------------------------------------------------
     0 | D:1      | ololoev the Draconian Skald began the quest for the Orb.
     0 | D:1      | Reached XP level 1. HP: 17/17 MP: 3/3
   365 | D:1      | Reached XP level 2. HP: 24/24 MP: 5/5
   369 | D:1      | Learned a level 2 spell: Song of Slaying
   490 | D:1      | Reached skill level 3 in Polearms
   937 | D:2      | Found an ancient bone altar of Kikubaaqudgha.
   940 | D:2      | Noticed a human
   942 | D:2      | Killed a human
  1059 | D:2      | Reached XP level 3. HP: 22/29 MP: 0/6
  1681 | D:2      | Reached skill level 1 in Evocations
  2088 | D:3      | Reached skill level 4 in Polearms
  2152 | D:3      | Noticed ololoev's ghost (average DrSk)
  2347 | D:3      | Reached XP level 4. HP: 36/36 MP: 7/7
  3405 | D:4      | Noticed ololoev's ghost (average DrSk)
  4060 | D:4      | Reached XP level 5. HP: 29/41 MP: 3/8
  4664 | D:4      | Killed ololoev's ghost
  4664 | D:4      | Reached skill level 5 in Polearms
  4664 | D:4      | Reached XP level 6. HP: 40/48 MP: 9/9
  5346 | D:3      | Noticed Natasha
  5453 | D:3      | Killed ololoev's ghost
  5474 | D:3      | Killed Natasha
  5474 | D:3      | Reached skill level 6 in Polearms
  5474 | D:3      | Your scales start taking on a weird mottled colour.
  5474 | D:3      | Reached XP level 7. HP: 35/55 MP: 4/10
  5478 | D:3      | Quit the game

Dungeon Overview and Level Annotations

Branches:
Dungeon (4/15)
 Temple: D:4-7

Altars:
Kikubaaqudgha


Message History

You feel your strength returning.
You are feeling very hungry.
You hit the adder.
The adder is moderately wounded.
The adder closely misses you. x2
You puncture the adder!
You kill the adder!
You start resting.
Eating a chunk of flesh.
This raw flesh tastes terrible.
You continue eating. x2
You hear an angry hiss.
Your magical infusion is running out.
Natasha stares at you and mumbles some strange words.
The magic dart hits you!
Your song is almost over.
Attack whom?
Press: ? - help, Dir - move target cursor, f - Natasha
Aim: Natasha You reach to attack!
You closely miss Natasha. Natasha barely misses you.
You barely miss Natasha.
Your tail-slap misses Natasha.
Natasha closely misses you.
You barely miss Natasha. Natasha closely misses you.
You puncture Natasha!
Natasha is severely wounded.
You are no longer magically infusing your attacks.
Natasha claws you.
You hit Natasha.
Natasha is almost dead.
Natasha claws you but does no damage.
You puncture Natasha!
You kill Natasha!
Natasha growls in agony!
Your Polearms skill increases to level 6!
You have reached level 7!
Your scales start taking on a weird mottled colour.
Your song has ended.
You see here the felid corpse of Natasha.
You butcher the felid corpse of Natasha.
v - 2 chunks of flesh You see here the felid skeleton of Natasha.
Are you sure you want to abandon this character and quit the game? (Confirm with "yes".)

There were no monsters in sight!

Vanquished Creatures
  The ghost of ololoev the Poker, an average DrSk of the Shining One (D:4)
  The ghost of ololoev the Poker, an average DrSk (D:3)
  An orc priest (D:4)
  Natasha (D:3)
  An orc wizard (D:4)
  A worker ant (D:4)
  4 gnolls
  5 adders
  An ooze (D:3)
  An adder skeleton (D:4)
  7 worms
  4 giant geckos
  8 orcs
  3 giant cockroaches (D:3)
  5 goblins
  8 hobgoblins
  9 jackals
  A quokka (D:3)
  A ball python (D:2)
  4 bats
  A giant gecko skeleton (D:4)
  A giant newt (D:3)
  8 kobolds
  9 rats
86 creatures vanquished.

Vanquished Creatures (others)
  A human (D:2)
  An orc (D:3)
2 creatures vanquished.

Grand Total: 88 creatures vanquished

Action                   |  1- 3 |  4- 6 |  7- 9 || total
-------------------------+-------+-------+-------++-------
Melee: Spear             |   202 |   132 |       ||   334
       Trident           |       |   106 |       ||   106
       Short sword       |       |    16 |       ||    16
 Cast: Infusion          |     4 |    13 |       ||    17
       Song of Slaying   |     2 |     3 |       ||     5
 Abil: Evoke Invisibilit |     1 |     8 |       ||     9
  Use: Potion            |     1 |     5 |       ||     6
 Stab: Sleeping          |     3 |     1 |       ||     4
       Invisible         |     1 |    15 |       ||    16
       Distracted        |       |     2 |       ||     2
  Eat: Chunk             |     5 |    13 |       ||    18
       Royal jelly       |       |     1 |       ||     1

Vault maps used:
D:1:      scummos_arrival_hexagon
D:2:      first_bread, hangedman_decor_points, tgw_kikubaaqudgha
D:3:      uniq_natasha
